 Dungeon Crawl Stone Soup version 0.25-a0-280-gfa4545f (webtiles) character file.

Game seed: 3190576011872372584, levelgen mode: deterministic

8914 Deaus the Cleaver (level 11, -6/58 HPs)
             Began as a Vine Stalker Fighter on Dec 10, 2019.
             Was a High Priest of Okawaru.
             Mangled by a tyrant leech (22 damage)
             ... on level 10 of the Dungeon on Dec 11, 2019.
             The game lasted 00:31:59 (9432 turns).

Deaus the Cleaver (Vine Stalker Fighter)            Turns: 9432, Time: 00:31:59

Health: -6/58      AC: 17    Str: 27    XL:     11   Next: 38%
Magic:  0/15       EV: 13    Int:  8    God:    Okawaru [*****.]
Gold:   593        SH: 14    Dex: 15    Spells: 10/10 levels left

rFire    . . .     SeeInvis .   a - +0 war axe
rCold    . . .     Gourm    +   c - +0 shield
rNeg     + . .     Faith    .   K - +3 scale mail
rPois    +         Spirit   +   r - +0 helmet
rElec    .         Reflect  .   F - +2 cloak
rCorr    .         Harm     .   (no gloves)
MR       +....                  (no boots)
Stlth    ++........             w - amulet of the gourmand
HPRegen  0.59/turn              R - ring of Life {rPois Str+6}
MPRegen  0.14/turn              g - ring of positive energy

@: heroism, studying Shields
A: fangs 3, regeneration 1, magic shield, antimagic bite, no potion heal 3, rot
immunity
a: Heroism, Finesse, Renounce Religion


You were on level 10 of the Dungeon.
You worshipped Okawaru.
Okawaru was extremely pleased with you.
You were completely stuffed.

You visited 2 branches of the dungeon, and saw 11 of its levels.
You also visited: Bailey.

You collected 593 gold pieces.

Inventory:

Hand Weapons
 a - a +0 war axe (weapon)
 d - a +2 flail of protection
 M - a +5 executioner's axe of chopping
Armour
 c - a +0 shield (worn)
 r - a +0 helmet (worn)
 F - a +2 cloak (worn)
 K - a +3 scale mail (worn)
Jewellery
 g - a ring of positive energy (right hand)
 w - an amulet of the gourmand (around neck)
 R - the ring of Life (left hand) {rPois Str+6}
   (You found it on level 9 of the Dungeon)

   [ring of poison resistance]

   It affects your strength (+6).
   It protects you from poison.
Wands
 s - a wand of paralysis (3)
 A - a wand of iceblast (8)
 B - a wand of acid (8)
 E - a wand of random effects (31)
Scrolls
 e - 4 scrolls of teleportation
 j - 5 scrolls of remove curse {unknown}
 k - 11 scrolls of identify
 l - 6 scrolls of enchant weapon {unknown}
 o - 5 scrolls of immolation {unknown}
 t - 2 scrolls of amnesia {unknown}
 y - 2 scrolls of enchant armour {unknown}
 G - a scroll of acquirement {unknown}
 H - 2 scrolls of fear {unknown}
 I - a scroll of magic mapping {unknown}
 N - a scroll of random uselessness {unknown}
 P - a scroll of blinking {unknown}
 Q - a scroll of summoning {unknown}
Potions
 h - 2 potions of might
 i - 3 potions of heal wounds
 n - a potion of lignification {unknown}
 p - a potion of agility {unknown}
 u - 3 potions of mutation {unknown}
 v - 3 potions of invisibility
 z - a potion of flight
 C - 2 potions of degeneration {unknown}
 D - a potion of ambrosia {unknown}
 J - 3 potions of curing
Books
 L - a manual of Shields
Comestibles
 f - 22 rations


   Skills:
 * Level 6.6(11.6) Fighting
 * Level 9.6(14.6) Axes
 * Level 6.7(11.7) Armour
 - Level 0.5(5.5) Dodging
 - Level 1.0(6.0) Stealth
 * Level 8.0(13.0) Shields
 * Level 4.2 Invocations
 * Level 4.4 Evocations


You had 10 spell levels left.
You didn't know any spells.
Your spell library contained the following spells:

 Spells                   Type           Power        Failure   Level  Hunger
 Corona                   Hex            #......      71%         1    ##.....
 Ensorcelled Hibernation  Hex/Ice        #.....       85%         2    ###....
 Confuse                  Hex            #.......     97%         3    ####...
 Dazzling Flash           Conj/Hex       #.....       97%         3    ####...
 Tukima's Dance           Hex            #.......     97%         3    ####...


Dungeon Overview and Level Annotations

Branches:
Dungeon (10/15)            Temple (1/1) D:5          Bailey (visited)
   Lair: D:8-11         Orc: D:9-12

Altars:
Ashenzari
Cheibriados
Dithmenos
Elyvilon
Fedhas
Gozag
Hepliaklqana
Kikubaaqudgha
Makhleb
Nemelex Xobeh
Okawaru
Qazlal
Ru
Sif Muna
Trog
Uskayaw
Vehumet
Wu Jian
Xom
Yredelemnul
Zin
The Shining One


Innate Abilities, Weirdness & Mutations

You have razor-sharp teeth.
Your natural rate of healing is unusually fast.
When hurt, damage is shared between your health and your magic reserves.
Your bite disrupts and absorbs the magic of your enemies.
Potions cannot restore your health.
You are immune to rotting.


Message History

The tyrant leech bites you.
The tyrant leech draws strength from your injuries!
Your scale mail prevents you from hitting the tyrant leech.
Your bite misses the tyrant leech.
The tyrant leech is moderately wounded.
The tyrant leech bites you.
You hit the tyrant leech.
You bite the tyrant leech, but do no damage.
The tyrant leech is heavily wounded.
The tyrant leech bites you but does no damage.
You hit the tyrant leech but do no damage.
You bite the tyrant leech, but do no damage.
The tyrant leech is heavily wounded.
The tyrant leech bites you!!
* * * LOW HITPOINT WARNING * * *
You miss the tyrant leech. Your bite misses the tyrant leech.
The tyrant leech is moderately wounded.
You gain the combat prowess of a mighty hero.
The tyrant leech bites you!!
You die...

#............#
#....####....#
#..#.##.##...#
...##.#.#.#..## (.
#.#.#[###..#
#.#.#.##..# #
#.#.#.#.#.... ...
##.#.#.##.####...##
#.#.#.##...@wy.....
####.#.#..####...##
###....# ##
..........#
.##########


You could see a tyrant leech and a vampire mosquito.

Vanquished Creatures
  A great orb of eyes (D:9)
  A centaur warrior (D:9)
  A two-headed ogre (D:8)
  A troll (D:9)
  A queen bee (D:10)
  Prince Ribbit (D:5)
  Sigmund (D:6)
  2 black bears
  13 orc warriors
  A sky beast (D:8)
  Duvessa (D:6)
  An ice beast (D:5)
  A phantom (D:5)
  4 ogres
  A crocodile (D:10)
  12 centaurs
  A gnoll sergeant (D:5)
  Dowan (D:6)
  5 bullfrogs
  A wyvern skeleton (D:5)
  4 scorpions
  18 killer bees
  6 howler monkeys
  3 crimson imps
  6 hounds
  Crazy Yiuf (D:6)
  3 orc priests
  5 orc wizards
  A bullfrog skeleton (D:9)
  2 centaur skeletons
  3 iguanas
  10 worker ants
  A centaur simulacrum (D:9)
  A hound zombie (D:7)
  2 hound skeletons
  A howler monkey zombie (D:6)
  7 gnolls
  11 adders
  3 shadow imps
  2 adder skeletons
  3 worms
  A dart slug (D:1)
  3 leopard geckos
  48 orcs
  2 ball pythons (D:5)
  10 giant cockroaches
  7 goblins
  5 hobgoblins
  6 jackals
  2 kobolds
  2 quokkas
  5 bats
  7 frilled lizards
  7 rats
249 creatures vanquished.

Notes
Turn   | Place    | Note
-------+----------+-------------------------------------------
     0 | D:1      | Deaus the Vine Stalker Fighter began the quest for the Orb.
     0 | D:1      | Reached XP level 1. HP: 11/11 MP: 2/2
    18 | D:1      | Reached XP level 2. HP: 8/16 MP: 1/3
   365 | D:1      | Reached skill level 2 in Axes
   440 | D:1      | Reached XP level 3. HP: 16/19 MP: 4/4
  1300 | D:2      | Gained mutation: Your natural rate of healing is unusually
                  | fast. [Vine Stalker growth]
  1300 | D:2      | Reached XP level 4. HP: 24/24 MP: 5/5
  1869 | D:3      | Reached skill level 3 in Axes
  1972 | D:3      | Reached XP level 5. HP: 28/28 MP: 6/6
  2279 | D:3      | Found a shattered altar of Ashenzari.
  2523 | D:3      | You fall into a shaft and drop 2 floors!
  2523 | D:5      | Entered Level 5 of the Dungeon
  2523 | D:5      | Noticed Prince Ribbit
  2603 | D:5      | Reached XP level 6. HP: 24/32 MP: 7/7
  2624 | D:5      | Found an ancient bone altar of Kikubaaqudgha.
  2633 | D:5      | Reached skill level 4 in Axes
  3169 | D:4      | Reached XP level 7. HP: 36/36 MP: 8/8
  3296 | D:4      | Found a shimmering altar of Xom.
  3298 | D:4      | Found a shimmering altar of Xom.
  3298 | D:4      | Found a shimmering altar of Xom.
  3301 | D:4      | Found a shimmering altar of Xom.
  3304 | D:4      | Found a shimmering altar of Xom.
  3304 | D:4      | Found a shimmering altar of Xom.
  3338 | D:4      | Reached skill level 1 in Stealth
  3360 | D:4      | Found a shimmering altar of Xom.
  3429 | D:4      | Found a stormy altar of Qazlal.
  3430 | D:4      | Noticed an air elemental
  3481 | D:4      | Noticed a water elemental
  3481 | D:4      | Noticed a fire elemental
  3567 | D:4      | Found a hide-covered altar of Uskayaw.
  3572 | D:4      | Found an ancient bone altar of Kikubaaqudgha.
  3663 | D:4      | Reached skill level 5 in Axes
  4101 | D:5      | Gained mutation: You have razor-sharp teeth. [Vine Stalker
                  | growth]
  4101 | D:5      | Reached XP level 8. HP: 42/42 MP: 9/9
  4118 | D:5      | Reached skill level 1 in Evocations
  4417 | D:5      | Found a staircase to the Ecumenical Temple.
  4421 | Temple   | Entered the Ecumenical Temple
  4644 | Temple   | Became a worshipper of Warmaster Okawaru
  4898 | D:5      | Killed Prince Ribbit
  4898 | D:5      | Reached skill level 6 in Axes
  4904 | D:5      | Found a blossoming altar of Fedhas.
  5044 | D:6      | Noticed Duvessa
  5044 | D:6      | Noticed Dowan
  5049 | D:6      | Killed Duvessa
  5049 | D:6      | Reached skill level 5 in Armour
  5053 | D:6      | Reached * piety under Okawaru
  5055 | D:6      | Killed Dowan
  5141 | D:6      | Found a runed translucent door.
  5142 | D:6      | Noticed Crazy Yiuf
  5153 | D:6      | Killed Crazy Yiuf
  5210 | D:6      | Reached XP level 9. HP: 43/46 MP: 11/11
  5335 | D:6      | Found a glowing silver altar of Zin.
  5342 | D:6      | Reached skill level 1 in Invocations
  5405 | D:6      | Reached skill level 5 in Shields
  5626 | D:6      | Found a shimmering blue altar of Sif Muna.
  5663 | D:6      | Noticed Sigmund
  5672 | D:6      | Killed Sigmund
  5672 | D:6      | Reached skill level 7 in Axes
  5915 | D:7      | Reached ** piety under Okawaru
  6210 | D:7      | Found an opulent altar of Gozag.
  6342 | D:8      | Found a flagged portal.
  6534 | Bailey   | Entered a bailey
  6546 | Bailey   | Reached skill level 5 in Fighting
  6573 | Bailey   | Reached skill level 8 in Axes
  6825 | Bailey   | Reached XP level 10. HP: 22/51 MP: 9/13
  6951 | Bailey   | Reached *** piety under Okawaru
  8002 | D:8      | Noticed a two-headed ogre
  8017 | D:8      | Killed a two-headed ogre
  8017 | D:8      | Reached **** piety under Okawaru
  8458 | D:9      | Found a glowing golden altar of the Shining One.
  8838 | D:9      | Found a glowing golden altar of the Shining One.
  8961 | D:9      | Reached skill level 9 in Axes
  9032 | D:9      | Reached ***** piety under Okawaru
  9032 | D:9      | Reached XP level 11. HP: 55/57 MP: 15/15
  9042 | D:9      | Noticed a great orb of eyes
  9049 | D:9      | Killed a great orb of eyes
  9053 | D:9      | Noticed a centaur warrior
  9068 | D:9      | Killed a centaur warrior
  9108 | D:9      | Got a pitted tin ring
  9110 | D:9      | Identified the ring of Life {rPois Str+6} (You found it on
                  | level 9 of the Dungeon)
  9189 | D:10     | Entered Level 10 of the Dungeon
  9432 | D:10     | Mangled by a tyrant leech

Levels and vault maps discovered:
D:1:      wander_arrival_peaceful_grave, layout_rooms,
          chequers_serial_rivers_room_a, nrook_mini_backslash
D:2:      minmay_roachtagon, layout_basic, first_ration, st_stairs_6
D:3:      layout_basic, marbit_many_paths, serial_corexii_hall,
          corexii_hall_statues_i, corexii_hall_statues_x,
          chequers_serial_rivers_micro_e
D:4:      layout_loops_ring, nicolae_xom_altar_mimics, minitemple,
          nicolae_qazlal_style_of_elements
D:5:      layout_cave_pods, temple_hall_moat, basic_altar, minmay_door_square,
          fedhas_bush_and_centaur_altar, uniq_prince_ribbit1
D:6:      layout_gridville, led_sif_pool, overflow_temple_1_default,
          uniq_duvessa, uniq_crazy_yiuf_cottage, uniq_sigmund
D:7:      layout_rooms, lemuel_round_altar, abandoned_shop
D:8:      layout_basic, enter_bailey_1
D:9:      minmay_sliced_demisemicircle, layout_irregular_city,
          nicolae_overflow_crystal_walls, basic_altar
D:10:     layout_loops_ring, lair_entry_dummy, david_nohive_1,
          grunt_ministairs_14, minmay_guarded_unrand_vampires_tooth,
          uniq_harold, uniq_sonja
Temple:   nicolae_temple_figure_eight

Skill      XL: |  1  2  3  4  5  6  7  8  9 10 11 |
---------------+----------------------------------+-----
Shields        | 3 4 6 7 8 |  8.0
Axes           | 2 3 4 5 6 8 9 |  9.6
Fighting       | 3 4 5 6 |  6.6
Armour         | 3 4 5 6 |  6.7
Stealth        | 1 |  1.0
Evocations     | 2 3 4 |  4.4
Invocations    | 2 3 4 |  4.2
Dodging        | |  0.5

Action                   |  1- 3 |  4- 6 |  7- 9 | 10-12 || total
-------------------------+-------+-------+-------+-------++-------
Melee: War axe           |    81 |   118 |   397 |   327 ||   923
       Bite              |    20 |    35 |   146 |   102 ||   303
       Glaive            |       |       |       |    46 ||    46
Invok: Heroism           |       |       |     3 |     3 ||     6
Evoke: Wand              |       |       |     9 |     1 ||    10
  Use: Potion            |       |     5 |     2 |       ||     7
       Scroll            |       |     1 |       |     1 ||     2
 Stab: Invisible         |       |     3 |       |       ||     3
       Paralysed         |       |       |     7 |       ||     7
  Eat: Chunk             |     1 |     6 |    22 |     9 ||    38
Armor: Scale mail        |    29 |       |       |   144 ||   173
       Chain mail        |    20 |    64 |    39 |       ||   123
       Ring mail         |       |       |   136 |     2 ||   138
       Plate armour      |       |       |       |     8 ||     8
Dodge: Dodged            |    25 |    28 |   135 |   136 ||   324
Block: Shield            |    52 |    57 |   260 |   217 ||   586

Table legend:
 A = Non-vault XP
 B = Vault XP
 C = Vault XP percentage of total XP
 D = Non-vault monster count
 E = Vault monster count
 F = Vault count percentage of total count
                 A         B        C        D         E       F
            +---------+---------+-------+---------+---------+-------
      Total |    5864 |    6871 |  54.0 |     172 |      77 |  30.9
            +---------+---------+-------+---------+---------+-------
        D:1 |      47 |       0 |   0.0 |      27 |       0 |   0.0
        D:2 |      34 |      27 |  44.3 |       6 |       8 |  57.1
        D:3 |      89 |      13 |  12.7 |      18 |       1 |   5.3
        D:4 |     450 |       0 |   0.0 |      14 |       0 |   0.0
        D:5 |     939 |     377 |  28.6 |      25 |       2 |   7.4
        D:6 |     623 |     470 |  43.0 |      24 |       4 |  14.3
        D:7 |    1079 |       0 |   0.0 |      24 |       0 |   0.0
        D:8 |    1789 |       0 |   0.0 |      21 |       0 |   0.0
        D:9 |     465 |    2778 |  85.7 |       6 |      12 |  66.7
       D:10 |     349 |     914 |  72.4 |       7 |      11 |  61.1
     Bailey |       0 |    2292 | 100.0 |       0 |      39 | 100.0
            +---------+---------+-------+---------+---------+-------
